 Dungeon Crawl Stone Soup version 0.32-a0-643-ga006e7742e (webtiles) character file.

Game seed: 3648383389882429486

5 Atlas the Firebug (level 1, 0/13 HPs)
             Began as a Demonspawn Fire Elementalist on Mar 8, 2024.
             Slain by a kobold
             ... wielding a +0 dagger
              (2 damage)
             ... on level 1 of the Dungeon.
             The game lasted 00:00:18 (104 turns).

Atlas the Firebug (Demonspawn Fire Elementalist)     Turns: 104, Time: 00:00:19

Health: 0/13       AC:  3    Str:  8    XL:     1   Next: 66%
Magic:  0/3        EV: 12    Int: 15    God:
Gold:   0          SH:  0    Dex: 13    Spells: 3/4 levels left

rFire   . . .        (no weapon)
rCold   . . .        (no shield)
rNeg    . . .        a - +0 robe
rPois   .            (no helmet)
rElec   .            (no cloak)
rCorr   .            c - +0 pair of gloves
SInv    .            (no boots)
Will    .....        (no amulet)
Stlth   ++           (no ring)
HPRegen 0.22/turn    (no ring)
MPRegen 0.08/turn

%: no passive effects
@: no status effects
A: no striking features
a: no special abilities


You were on level 1 of the Dungeon.
You visited 1 branch of the dungeon, and saw 1 of its levels.

Inventory:

Armour
 a - a +0 robe (worn)
 c - a +0 pair of gloves (worn)
Potions
 b - a potion of magic


   Skills:
 + Level 1.8 Dodging
 + Level 1.8 Stealth
 + Level 2.0 Spellcasting
 + Level 1.2 Conjurations
 + Level 2.9 Fire Magic


You had 3 spell levels left.
You knew the following spells:

 Your Spells              Type           Power      Damage    Failure   Level
a - Foxfire               Conj/Fire      28%        2x1d5     10%         1

Your spell library contained the following spells:

 Spells                   Type           Power      Damage    Failure   Level
 Scorch                   Fire           20%        2d5       10%         2
 Inner Flame              Hex/Fire       5%         N/A       36%         3
 Volatile Blastmotes      Fire/Tloc      10%        2d10      36%         3
 Flame Wave               Conj/Fire      7%         2d5       67%         4


Dungeon Overview and Level Annotations

Branches:
Dungeon (1/15)

Altars:


Message History

The ball python's grasp on you weakens, but your attempt to escape fails.
The ball python bites you but does no damage.
The ball python constricts you.
You hit the bat.
The bat is moderately wounded.
The bat hits you but does no damage. The ball python bites you.
The ball python constricts you. The kobold hits you with a +0 dagger.
* * * LOW HITPOINT WARNING * * *
You escape the ball python's grasp.
The bat hits you but does no damage. x2
The ball python attacks as it pursues you!
The ball python bites you.
* * * LOW HITPOINT WARNING * * *
The bat hits you but does no damage. The bat attacks as it pursues you!
The bat barely misses you. The bat hits you but does no damage.
The kobold attacks as it pursues you! The kobold completely misses you.
You are too injured to fight recklessly!
You are too injured to fight recklessly!
You are too injured to fight recklessly!
Casting: Foxfire (safe; 10% risk of failure)
Confirm with . or Enter, or press ? or * to list all spells.
You conjure some foxfire!
The bat hits you but does no damage. The kobold barely misses you.
Casting: Foxfire (safe; 10% risk of failure)
Confirm with . or Enter, or press ? or * to list all spells.
You don't have enough magic to cast this spell.
Unknown command.
The foxfire hits the bat.
You kill the bat!
The foxfire hits the ball python.
You kill the ball python!
The kobold hits you but does no damage.
Unknown command.
Casting: Foxfire (safe; 10% risk of failure)
Confirm with . or Enter, or press ? or * to list all spells.
You conjure some foxfire!
The kobold hits you with a +0 dagger.
* * * LOW HITPOINT WARNING * * *
The foxfire hits the kobold but does no damage. x2
The kobold attacks as it pursues you! The kobold hits you with a +0 dagger.
You die...

...###....................####
.#..####................###
.....# #...........>....#
.ß...###...............##
ß_ß..............>......#
.ß...............##+###'##
.............##.##≈.≈≈§.≈#
..)..............#§≈.§§≈≈#
...............K@#§§...≈≈#.#
...#.........†....§§.<.§...#
.#.........†.#...#≈≈§..≈≈#.#
......#.......#.##§≈.≈§≈≈#.#
.##.#.#.......#.##≈.§≈≈.≈# #
..!..g###........##+###+##
...##.# ##.......# ..
#........ #.......


You could see a kobold.

Vanquished Creatures
  A ball python (D:1)
  A bat (D:1)
  A giant cockroach (D:1)
  A hobgoblin (D:1)
4 creatures vanquished.

Vanquished Creatures (others)
  14 foxfires (D:1)
14 creatures vanquished.

Grand Total: 18 creatures vanquished

Notes
Turn   | Place    | Note
-------+----------+-------------------------------------------
     0 | D:1      | Atlas the Demonspawn Fire Elementalist began the quest for
                  | the Orb.
     0 | D:1      | Reached XP level 1. HP: 13/13 MP: 3/3
    73 | D:1      | Found a faded altar of an unknown god.
   104 | D:1      | Slain by a kobold

Illustrated notes

Levels and vault maps discovered:
D:1:      ncdulo_lavacross, layout_rooms, chequers_ecumenical_altar_simple,
          minmay_vboxes

Action                     || total
---------------------------++-------
  Melee: Unarmed           ||     1
   Cast: Foxfire           ||     7
 Armour: Robe              ||    25
  Dodge: Dodged            ||    11

Table legend: (Time is in decaauts)
 A = Elapsed time spent in this place.
 B = Non-inter-level travel time spent in this place.
 C = Inter-level travel time spent in this place.
 D = Time resting spent in this place.
 E = Time spent auto-exploring this place.
 F = Levels seen in this place.
 G = Mean time per level.
                   A        B        C        D        E       F      G
               +--------+--------+--------+--------+--------+-----+--------+
         Total |    104 |    104 |      0 |      0 |     50 |   1 |  104.0 |
       Dungeon |    104 |    104 |      0 |      0 |     50 |   1 |  104.0 |
               +--------+--------+--------+--------+--------+-----+--------+

Top non-repeatable levels by time:
     D:1: 104 daAuts
